 Dungeon Crawl Stone Soup version 0.13-a0-2001-g039544c (webtiles) character file.

203 Kae the Chopper (level 5, -3/46 HPs)
             Began as a Lava Orc Berserker on June 25, 2013.
             Was a Believer of Trog.
             Slain by a gnoll (8 damage)
             ... on Level 3 of the Dungeon.
             The game lasted 00:02:55 (2145 turns).

Kae the Chopper (Lava Orc Berserker)                Turns: 2145, Time: 00:02:55

HP  -3/46        AC  5     Str 20      XL: 5   Next: 10%
MP   4/4         EV 12     Int  7      God: Trog [**....]
Gold 53          SH  0     Dex 11      Spells:  0 memorised,  4 levels left

Res.Fire  : + . .   See Invis. : .   q - +2,+0 hand axe (elec)
Res.Cold  : . . .   Warding    : .   b - +0 animal skin
Life Prot.: . . .   Conserve   : .   (no shield)
Res.Poison: .       Res.Corr.  : .   (no helmet)
Res.Elec. : .       Clarity    : .   (no cloak)
Sust.Abil.: . .     Spirit.Shd : .   (no gloves)
Res.Mut.  : .       Stasis     : .   (no boots)
Res.Rott. : .       Flight     : .   (no amulet)
Saprovore : + . .                    (no ring)
                                     (no ring)

@: exhausted, slowed, very slow, slightly resistant to hostile enchantments,
unstealthy
A: conserve scrolls, saprovore 1
a: Burn Spellbooks, Berserk, Trog's Hand, Renounce Religion


You were on level 3 of the Dungeon.
You worshipped Trog.
Trog was most pleased with you.
You were hungry.

You visited 1 branch of the dungeon, and saw 3 of its levels.

You collected 33 gold pieces.

Inventory:

Hand weapons
 a - a +0,+0 orcish hand axe {=f}
 q - a +2,+0 hand axe of electrocution (weapon)
Armour
 b - a +0 animal skin (worn)
Comestibles
 c - 3 meat rations
Scrolls
 d - a scroll of identify {unknown}
 f - 2 scrolls of teleportation
 i - 2 scrolls of remove curse
 m - a scroll of random uselessness
Jewellery
 o - an uncursed ring of teleportation
Potions
 e - a potion of paralysis {unknown}
 g - 2 potions of speed {unknown}
 h - a potion of mutation {unknown}
 j - a potion of slowing {unknown}
 l - 3 potions of agility {unknown}
 n - a potion of curing {unknown}
 p - a potion of brilliance {unknown}


   Skills:
 + Level 4.4 Fighting
 * Level 5.1 Axes
 + Level 3.1 Armour
 + Level 2.5 Dodging


You had 4 spell levels left.
You didn't know any spells.

Dungeon Overview and Level Annotations

Branches:
Dungeon (3/27)

Altars:


Innate Abilities, Weirdness & Mutations

You have stony skin.
You cover ground slowly.
Your flesh is heat resistant.
Your flesh is vulnerable to cold.
Your heat harms attackers.
You bathe your surroundings in blazing heat.
You are too hot to use scrolls.
You are very good at protecting items from fire.
You can tolerate rotten meat.


Message History

Your movements slow.
The gnoll throws a spear.
The spear hits you!
You see here a spear.
The gnoll throws a spear.
The spear misses you.
The gnoll shouts!
The gnoll barely misses you.
There is a stone staircase leading up here.
The gnoll barely misses you. The gnoll closely misses you.
The gnoll hits you with a glowing flail!
* * * LOW HITPOINT WARNING * * *
The gnoll throws a dart.
The dart hits you!
* * * LOW HITPOINT WARNING * * *
The gnoll throws a dart.
The dart hits you!
* * * LOW HITPOINT WARNING * * *
The gnoll hits you with a glowing flail.
* * * LOW HITPOINT WARNING * * *
You see here 2 darts.
The gnoll closely misses you. The gnoll misses you. The gnoll hits you!
You die...

≈≈≈≈≈≈≈≈....≈≈≈≈≈≈≈≈≈
≈≈≈≈≈≈≈≈≈....≈≈≈≈≈≈≈≈≈
...........)..........
.....................
##########<#########
##########......#
#........#.(....#
#.#...##.#gg....#
#.....##.@g.....#
###...####......#
#.#####.## #......#
#........# #......#
######...# #......#
#...# #......# #...#
###'#### #...# .#
#...#


You could see 3 gnolls.

Vanquished Creatures
  8 gnolls
  3 adders (D:2)
  A giant mite (D:2)
  6 bats
  2 giant cockroaches (D:1)
  9 goblins
  4 hobgoblins (D:1)
  A ball python (D:2)
  A giant newt (D:2)
  4 jackals (D:3)
  3 kobolds
  4 rats
46 creatures vanquished.

Vanquished Creatures (others)
  A goblin (D:1)
  5 toadstools (D:1)
6 creatures vanquished.

Grand Total: 52 creatures vanquished

Notes
Turn   | Place    | Note
--------------------------------------------------------------
     0 | D:1      | Kae, the Lava Orc Berserker, began the quest for the Orb.
     0 | D:1      | Reached XP level 1. HP: 19/19 MP: 0/0
    49 | D:1      | Reached skill level 4 in Axes
    94 | D:1      | Reached XP level 2. HP: 24/26 MP: 1/1
   337 | D:1      | Acquired Trog's second power
   732 | D:1      | Reached XP level 3. HP: 11/33 MP: 2/2
  1549 | D:2      | Reached XP level 4. HP: 38/40 MP: 3/3
  2114 | D:3      | Reached skill level 5 in Axes
  2118 | D:3      | Reached XP level 5. HP: 13/46 MP: 4/4
  2145 | D:3      | Slain by a gnoll

Action                   |  1- 3 |  4- 6 || total
-------------------------+-------+-------++-------
Melee: Hand axe          |   103 |    30 ||   133
Invok: Trog's Hand       |     1 |     2 ||     3
       Berserk           |       |     1 ||     1
  Use: Scroll            |       |     6 ||     6
